 Seeded DCSS version 0.30.1-9-gdf580d7c3d (webtiles) character file.

Game seed: 5216266547923412678 (custom seed)

1138 Psyclone the Stinger (level 8, 0/46 HPs)
             Began as an Octopode Venom Mage on Sept 24, 2023.
             Slain by Edmund
             ... wielding a +2 dire flail of protection
              (17 damage)
             ... on level 6 of the Dungeon.
             The game lasted 00:24:44 (6270 turns).

Psyclone the Stinger (Octopode Venom Mage)          Turns: 6270, Time: 00:24:44

Health: 0/46       AC:  1    Str:  8    XL:     8   Next: 37%
Magic:  3/17       EV: 13    Int: 19    God:
Gold:   239        SH:  0    Dex: 12    Spells: 10/19 levels left

rFire   . . .        p - +2 dagger (protect)
rCold   . . .        (no shield)
rNeg    + . .        (helmet restricted)
rPois   .            (no amulet)
rElec   .            i - ring of see invisible
rCorr   .            k - ring of positive energy
SInv    +            q - ring of willpower
Will    +....        (no ring)
Stlth   +++          (no ring)
HPRegen 0.27/turn    (no ring)
MPRegen 0.15/turn    (no ring)
                     (no ring)

%: no passive effects
@: lethally poisoned (0 -> -10)
A: almost no armour, amphibious, 8 rings, camouflage 1, gelatinous body 1,
(nimble swimmer 1), tentacles
a: no special abilities


You were on level 6 of the Dungeon.
You visited 2 branches of the dungeon, and saw 7 of its levels.

You collected 239 gold pieces.

Inventory:

Hand Weapons
 d - the +2 mace "Goung" {heavy, Str+7}
   (You found it on level 3 of the Dungeon)

   Str:       It affects your strength (+7).
 o - a +2 dagger of flaming
 p - a +2 dagger of protection (weapon)
Missiles
 e - 17 poisoned darts (quivered)
 s - a throwing net {!f}
Magical Staves
 u - a staff of conjuration
Jewellery
 i - a ring of see invisible (left tentacle)
 k - a ring of positive energy (right tentacle)
 q - a ring of willpower (on tentacle)
 v - a +6 ring of strength
Wands
 j - a wand of quicksilver (10)
 w - a wand of iceblast (6)
Scrolls
 b - 3 scrolls of identify {@r1}
 c - 3 scrolls of magic mapping
 f - a scroll of teleportation
 h - 2 scrolls of torment
 m - a scroll of immolation
 t - a scroll of blinking
Potions
 a - a potion of magic
 g - a potion of invisibility {unknown}
 l - 5 potions of heal wounds {unknown}
 n - a potion of attraction {unknown}
 r - 2 potions of lignification {unknown}


   Skills:
 - Level 2.0 Dodging
 - Level 2.6 Stealth
 - Level 6.0 Spellcasting
 - Level 1.0 Transmutations
 - Level 6.0 Air Magic
 + Level 6.1 Poison Magic


You had 10 spell levels left.
You knew the following spells:

 Your Spells              Type           Power      Damage    Failure   Level
a - Poisonous Vapours     Pois/Air       56%        N/A       1%          2
q - Blink                 Tloc           10%        N/A       17%         2
v - Sting                 Tmut/Pois      76%        1d6       2%          1
x - Olgreb's Toxic Radia  Pois           29%        N/A       9%          4

Your spell library contained the following spells:

 Spells                   Type           Power      Damage    Failure   Level
 Mephitic Cloud           Conj/Pois/Air  21%        N/A       6%          3
 Lesser Beckoning         Tloc           10%        N/A       17%         2
 Momentum Strike          Conj/Tloc      10%        3d8       17%         2


Dungeon Overview and Level Annotations

Branches:
Dungeon (6/15) Zot: 26869  Temple (1/1) D:5 Zot: 5901

Altars:
Ashenzari
Cheibriados
Dithmenos
Elyvilon
Fedhas
Gozag
Hepliaklqana
Kikubaaqudgha
Makhleb
Nemelex Xobeh
Okawaru
Qazlal
Ru
Sif Muna
Trog
Uskayaw
Vehumet
Wu Jian
Xom
Yredelemnul
Zin
The Shining One

Shops:
D:3 :

Annotations:
D:5 Selrock's ghost, novice TrGl; bairyn's ghost, novice TrFi; boopmooplesden's ghost, novice AtFi; jpeg9000's ghost, novice MfSu; turdburglar's ghost, novice AtWr
D:6 Edmund


Innate Abilities, Weirdness & Mutations

You cannot wear most types of armour.
You are amphibious.
You can wear up to eight rings at the same time.
Your skin changes colour to match your surroundings (Stealth+).
Your rubbery body absorbs attacks. (AC +1, EV +1)
((You are camouflaged when in or above water. (Stealth+)))
You have tentacles for arms and can constrict up to eight enemies at once.


Message History

You barely miss Edmund.
The water moccasin hisses angrily.
Your grab misses Edmund.
Edmund is heavily wounded.
Edmund closely misses you.
You hit Edmund.
Your weapon exudes an aura of protection.
Your grab misses Edmund.
Edmund is heavily wounded.
Edmund closely misses you.
Casting: Olgreb's Toxic Radiance (quite dangerous; 9% risk of failure)
Confirm with . or Enter, or press ? or * to list all spells.
Aiming: Poisonous Vapours (safe; 1% risk of failure)
Press: ? - help, Dir - move target, f - Edmund
Aim: Edmund, wielding a +2 dire flail of protection and wearing a +0 leather armour (heavily wounded, very poisoned) Poisonous vapours surround Edmund!
Edmund looks as sick as possible!
The water moccasin bites you.
You are poisoned.
The water moccasin poisons you!
Edmund hits you with a +2 dire flail of protection.
You take 4 damage, and have 23/46 hp.
You now have 3/17 mp.
Casting: Poisonous Vapours (safe; 1% risk of failure)
Confirm with . or Enter, or press ? or * to list all spells.
Aiming: Sting (safe; 2% risk of failure)
Press: ? - help, Shift-Dir - straight line, f - water moccasin, p - Edmund
Aim: a water moccasin (57% to hit)
The sting hits the water moccasin.
The water moccasin is poisoned.
The water moccasin is lightly wounded.
You feel very sick. The water moccasin closely misses you. Edmund misses you.
The water moccasin barely misses you.
You take 4 damage, and have 19/46 hp.
You closely miss the water moccasin. You grab the water moccasin.
You squeeze the water moccasin!
The water moccasin is moderately wounded.
You constrict the water moccasin.
You feel very sick. The water moccasin misses you.
Edmund hits you with a +2 dire flail of protection!
You die...

#.............##+######
#.....................#
#.....................#
#.....................#
#.....................#
#......................
##......................
##.....S.................
#..))..@@.)....<.........
#.##############.........
#..# #......... ...g.
#......... ##.....
########## ...@.g.
....S.g.g ###........
#....S....


You could see Edmund (extremely poisoned) and a water moccasin (poisoned).

Vanquished Creatures
  Grinder (D:6)
  Menkaure (D:4)
  Duvessa (D:4)
  A black bear (D:4)
  Dowan (D:4)
  A howler monkey (D:5)
  2 jellies
  A hound (D:4)
  A gnoll bouda (D:6)
  2 orc wizards
  Natasha (thrice) (D:2)
  2 iguanas (D:5)
  9 gnolls
  6 adders
  An ufetubus (D:5)
  2 worms
  3 dart slugs
  13 orcs
  3 ball pythons
  4 endoplasms
  3 giant cockroaches
  7 goblins
  7 hobgoblins
  7 kobolds
  4 quokkas
  4 bats
  2 frilled lizards
  6 rats
98 creatures vanquished.

Notes
Turn   | Place    | Note
-------+----------+-------------------------------------------
     0 | D:1      | Psyclone the Octopode Venom Mage began the quest for the
                  | Orb.
     0 | D:1      | Reached XP level 1. HP: 11/11 MP: 3/3
    96 | D:1      | Reached skill level 1 in Air Magic
   260 | D:1      | Reached XP level 2. HP: 17/17 MP: 1/5
   456 | D:1      | Learned a level 2 spell: Poisonous Vapours
  1234 | D:2      | Found a radiant altar of Vehumet.
  1262 | D:2      | Reached XP level 3. HP: 16/21 MP: 3/6
  1305 | D:2      | Noticed Natasha
  1331 | D:2      | Killed Natasha
  1332 | D:2      | Reached XP level 4. HP: 27/27 MP: 0/7
  1701 | D:2      | Noticed Natasha
  1708 | D:2      | Killed Natasha
  2032 | D:2      | Noticed Natasha
  2040 | D:2      | Killed Natasha
  2041 | D:2      | Reached XP level 5. HP: 21/31 MP: 0/8
  2695 | D:3      | Reached skill level 5 in Poison Magic
  2722 | D:3      | Identified the +2 mace "Goung" {heavy, Str+7}
  2802 | D:3      | Found Hueribb's Book Shoppe.
  3081 | D:4      | Noticed Duvessa
  3081 | D:4      | Noticed Dowan
  3268 | D:3      | Learned a level 4 spell: Olgreb's Toxic Radiance
  3381 | D:4      | Killed Dowan
  3481 | D:4      | Found a glowing silver altar of Zin.
  3503 | D:4      | Noticed a black bear
  3514 | D:4      | Killed Duvessa
  3515 | D:4      | Reached XP level 6. HP: 25/36 MP: 0/9
  3575 | D:4      | Killed a black bear
  3576 | D:4      | Reached skill level 5 in Air Magic
  3763 | D:4      | Found an ornate altar of the Wu Jian Council.
  3767 | D:4      | Learned a level 2 spell: Blink
  3768 | D:4      | Found a sparkling altar of Nemelex Xobeh.
  3768 | D:4      | Found a shadowy altar of Dithmenos.
  3768 | D:4      | Found a stormy altar of Qazlal.
  3769 | D:4      | Found a hazy altar of Hepliaklqana.
  3769 | D:4      | Found a blossoming altar of Fedhas.
  3769 | D:4      | Found a burning altar of Makhleb.
  3769 | D:4      | Found a shimmering altar of Xom.
  3805 | D:4      | Reached XP level 7. HP: 29/41 MP: 10/10
  4275 | D:4      | Noticed Menkaure
  4282 | D:4      | Killed Menkaure
  4503 | D:5      | Entered Level 5 of the Dungeon
  5227 | D:5      | Found a runed translucent gate.
  5227 | D:5      | Found a runed translucent gate.
  5229 | D:5      | Found a runed translucent gate.
  5230 | D:5      | Noticed turdburglar's ghost (novice AtWr)
  5232 | D:5      | Noticed bairyn's ghost (novice TrFi)
  5232 | D:5      | Noticed Selrock's ghost (novice TrGl)
  5232 | D:5      | Noticed jpeg9000's ghost (novice MfSu)
  5233 | D:5      | Noticed boopmooplesden's ghost (novice AtFi)
  5254 | D:5      | Found a staircase to the Ecumenical Temple.
  5266 | Temple   | Entered the Ecumenical Temple
  5379 | D:5      | Reached XP level 8. HP: 34/46 MP: 9/15
  6176 | D:6      | Noticed Grinder
  6238 | D:6      | Killed Grinder
  6239 | D:6      | Reached skill level 5 in Spellcasting
  6248 | D:6      | Noticed Edmund
  6270 | D:6      | Slain by Edmund

Illustrated notes

Levels and vault maps discovered:
D:1:      lightli_arrival_boilingwater, layout_loops_corners, item_on_display_a
D:2:      layout_basic, basic_altar, uniq_natasha
D:3:      layout_rooms, serial_shops, nicolae_lakefront_shop
D:4:      layout_basic, grunt_temple_overflow_open, mainiacjoe_overflow_catwalk,
          uniq_duvessa, uniq_menkaure
D:5:      layout_loops_cross, minmay_temple_entry_statues_fountains,
          gammafunk_ghost_cemetery
D:6:      layout_basic, portal_sewer_entry_a, uniq_grinder, uniq_edmund,
          uniq_eustachio
Temple:   cyrus_circular_temple

Skill      XL: |  1  2  3  4  5  6  7  8 |
---------------+-------------------------+-----
Air Magic      | 1 2 3 4 5 6 |  6.0
Poison Magic   | 4 6 |  6.1
Spellcasting   | 4 6 |  6.0
Dodging        | |  2.0
Stealth        | |  2.6
Transmutations | |  1.0

Action                     |  1- 3 |  4- 6 |  7- 9 || total
---------------------------+-------+-------+-------++-------
  Melee: Dagger            |     8 |    43 |    63 ||   114
         Tentacles         |     3 |    13 |    19 ||    35
         Constrict         |     3 |    11 |    15 ||    29
         Punch             |       |       |     4 ||     4
   Cast: Sting             |    36 |     2 |    10 ||    48
         Poisonous Vapours |     3 |    53 |    18 ||    74
         Olgreb's Toxic Ra |       |     1 |     7 ||     8
    Use: Scroll            |       |     4 |     3 ||     7
   Stab: Sleeping          |       |     4 |     2 ||     6
 Armour: Skin              |       |     2 |    10 ||    12
  Dodge: Dodged            |    12 |    28 |    54 ||    94
